AoeStats
← Jon

Black Forest

505709289Analyzed
1v1 RM · 21d ago on Sep 10, 2026· 18m 24s· 2 players
Game mode
Random Map
Map size
Tiny (2 player)
Population
200
Speed
Normal
Resources
Standard
Victory
Conquest
Starting age
Dark Age
Ending age
Imperial Age
RankedLock teamsTeams togetherTeam positionsShared explorationLock speedFull tech treeHidden civsTurbo modeCheats
Victory
Defeat
🇩🇪 Celts · Germany
957
+16
🇳🇱 Persians · Netherlands
950
-16
Jon
3:26 Loom
11:10 Feudal Age
11:57 Double-Bit Axe
11:55 Horse Collar
Veromos
1:50 Loom
12:02 Feudal Age
12:04 Man-at-Arms
12:48 Arson
15:48 Double-Bit Axe
Connection lost

Rejoining the realm…

Still unreachable

The connection could not be restored.

Session expired

The server has moved on; the page needs a fresh start.